| TOP OF THE 1ST |
|
Colorado Springs Sky Sox batting - Pitching for New Orleans Zephyrs : RHP Jorge Lopez
|
|
Pitching: RHP Jorge Lopez
|
|
|
Batting: LHB Steve Gilliam
|
0-0: Foul Ball, location: 2F 0-1: Ground out 6-3 (Groundball, 6, EV 104.4 MPH)
|
|
Batting: RHB Juan Figueroa
|
0-0: Ball 1-0: Called Strike 1-1: Ball 2-1: SINGLE (Groundball, 6MD, EV 103.8 MPH)
|
|
Batting: LHB Kyle Schaible
|
0-0: Ball Juan Figueroa steals 2nd base 1-0: Foul Ball, location: 2F 1-1: DOUBLE (Line Drive, 9LM, EV 92.5 MPH) Juan Figueroa scores
|
|
Batting: LHB Michael Krott
|
0-0: Called Strike 0-1: Foul Ball, location: 2F 0-2: Ground out 4-3 (Groundball, 4, EV 80.6 MPH) Kyle Schaible to third
|
|
Batting: RHB Kevin Tangeman
|
0-0: Fly out, F3 (Popup, 3F, EV 60.0 MPH)
|
| Top of the 1st over - 1 run, 2 hits, 0 errors, 1 left on base; Colorado Springs 1 - New Orleans 0 |
| BOTTOM OF THE 1ST |
|
New Orleans Zephyrs batting - Pitching for Colorado Springs Sky Sox : LHP Steve Ransom
|
|
Pitching: LHP Steve Ransom
|
|
|
Batting: RHB Boof Howell
|
0-0: Ball 1-0: Ball 2-0: Called Strike 2-1: Called Strike 2-2: Strikes out swinging
|
|
Batting: RHB Harrie de Kam
|
0-0: Ball 1-0: Ball 2-0: Called Strike 2-1: Ground out 3-1 (Groundball, 34, EV 100.6 MPH)
|
|
Batting: RHB Manuel Taveras
|
0-0: Ball 1-0: Ball 2-0: Called Strike 2-1: Ball 3-1: Called Strike 3-2: Base on Balls
|
|
Batting: RHB Rick Fell
|
0-0: Ball 1-0: Ball 2-0: Ball 3-0: Called Strike 3-1: Swinging Strike 3-2: Fly out, F9 (Flyball, 89S, EV 78.1 MPH)
|
| Bottom of the 1st over - 0 runs, 0 hits, 0 errors, 1 left on base; Colorado Springs 1 - New Orleans 0 |
| TOP OF THE 2ND |
|
Colorado Springs Sky Sox batting - Pitching for New Orleans Zephyrs : RHP Jorge Lopez
|
|
Batting: LHB Iehohs Inatho
|
0-0: Ball 1-0: Foul Ball, location: 2F 1-1: Called Strike 1-2: Ball 2-2: Foul Ball, location: 2F 2-2: Strikes out swinging
|
|
Batting: RHB Ryan Rinaldi
|
0-0: Ball 1-0: Foul Ball, location: 2F 1-1: Called Strike 1-2: Ball 2-2: Strikes out looking
|
|
Batting: SHB Chris Besselman
|
0-0: Called Strike 0-1: Ball 1-1: Swinging Strike 1-2: Strikes out swinging
|
| Top of the 2nd over - 0 runs, 0 hits, 0 errors, 0 left on base; Colorado Springs 1 - New Orleans 0 |
| BOTTOM OF THE 2ND |
|
New Orleans Zephyrs batting - Pitching for Colorado Springs Sky Sox : LHP Steve Ransom
|
|
Batting: RHB Isaiah Brockman
|
0-0: Ball 1-0: Ball 2-0: Foul Ball, location: 2F 2-1: Ball 3-1: Base on Balls
|
|
Batting: RHB Masumitsu Sugiura
|
0-0: Ball 1-0: Called Strike 1-1: Ball 2-1: Foul Ball, location: 2F 2-2: Strikes out looking
|
|
Batting: SHB Matt Moore
|
0-0: Ball 1-0: Swinging Strike 1-1: Foul Ball, location: 2F 1-2: Strikes out looking
|
|
Batting: LHB David Doge
|
0-0: Ball 1-0: Fly out, F8 (Line Drive, 8RD, EV 87.5 MPH)
|
| Bottom of the 2nd over - 0 runs, 0 hits, 0 errors, 1 left on base; Colorado Springs 1 - New Orleans 0 |
| TOP OF THE 3RD |
|
Colorado Springs Sky Sox batting - Pitching for New Orleans Zephyrs : RHP Jorge Lopez
|
|
Batting: RHB Matviy Oliynyk
|
0-0: Foul Ball, location: 2F 0-1: Called Strike 0-2: Strikes out swinging
|
|
Batting: LHB Steve Gilliam
|
0-0: Ball 1-0: Foul Ball, location: 2F 1-1: Ball 2-1: Ball 3-1: Fly out, F9 (Flyball, 89M, EV 88.8 MPH)
|
|
Batting: RHB Juan Figueroa
|
0-0: Called Strike 0-1: Foul Ball, location: 2F 0-2: Ball 1-2: Ball 2-2: Strikes out looking
|
| Top of the 3rd over - 0 runs, 0 hits, 0 errors, 0 left on base; Colorado Springs 1 - New Orleans 0 |
| BOTTOM OF THE 3RD |
|
New Orleans Zephyrs batting - Pitching for Colorado Springs Sky Sox : LHP Steve Ransom
|
|
Batting: RHB John Jackson
|
0-0: Called Strike 0-1: Ball 1-1: Foul Ball, location: 2F 1-2: Foul Ball, location: 2F 1-2: Strikes out swinging
|
|
Batting: RHB Boof Howell
|
0-0: Ball 1-0: Ball 2-0: Called Strike 2-1: Ball 3-1: Base on Balls
|
|
Batting: RHB Harrie de Kam
|
0-0: Ball 1-0: Swinging Strike 1-1: Fly out, F8 (Flyball, 8RS, EV 88.8 MPH)
|
|
Batting: RHB Manuel Taveras
|
0-0: Ball 1-0: SINGLE (Groundball, 4MD, EV 100.6 MPH) Boof Howell to second
|
|
Batting: RHB Rick Fell
|
0-0: Ball 1-0: Ball 2-0: Swinging Strike 2-1: Swinging Strike 2-2: Ball 3-2: Foul Ball, location: 2F 3-2: Foul Ball, location: 2F 3-2: Strikes out looking
|
| Bottom of the 3rd over - 0 runs, 1 hit, 0 errors, 2 left on base; Colorado Springs 1 - New Orleans 0 |
| TOP OF THE 4TH |
|
Colorado Springs Sky Sox batting - Pitching for New Orleans Zephyrs : RHP Jorge Lopez
|
|
Batting: LHB Kyle Schaible
|
0-0: Called Strike 0-1: DOUBLE (Line Drive, 78XD, EV 99.4 MPH)
|
|
Batting: LHB Michael Krott
|
0-0: Ball 1-0: Called Strike 1-1: Foul Ball, location: 2F 1-2: Strikes out looking
|
|
Batting: RHB Kevin Tangeman
|
0-0: Called Strike 0-1: Ball 1-1: Foul Ball, location: 2F 1-2: 2-RUN HOME RUN (Flyball, 7D, EV 103.8 MPH), Distance : 399 ft
|
|
Batting: LHB Iehohs Inatho
|
0-0: Called Strike 0-1: Foul Ball, location: 2F 0-2: Foul Ball, location: 2F 0-2: Ground out 4-3 (Groundball, 4S, EV 81.9 MPH)
|
|
Batting: RHB Ryan Rinaldi
|
0-0: Ground out 5-3 (Groundball, 56, EV 95.0 MPH)
|
| Top of the 4th over - 2 runs, 2 hits, 0 errors, 0 left on base; Colorado Springs 3 - New Orleans 0 |
| BOTTOM OF THE 4TH |
|
New Orleans Zephyrs batting - Pitching for Colorado Springs Sky Sox : LHP Steve Ransom
|
|
Batting: RHB Isaiah Brockman
|
0-0: Ball 1-0: Ball 2-0: Ball 3-0: Fly out, F9 (Flyball, 9, EV 85.6 MPH)
|
|
Batting: RHB Masumitsu Sugiura
|
0-0: Ball 1-0: Ground out 6-3 (Groundball, 56, EV 96.2 MPH)
|
|
Batting: SHB Matt Moore
|
0-0: Ball 1-0: Ball 2-0: Ball 3-0: Called Strike 3-1: Base on Balls
|
|
Batting: LHB David Doge
|
0-0: Ball 1-0: Ball 2-0: Ball 3-0: Called Strike 3-1: Foul Ball, location: 2F 3-2: SINGLE (Flyball, 7S, EV 90.6 MPH) Matt Moore to second Matt Moore to third
|
|
Batting: RHB John Jackson
|
0-0: Called Strike 0-1: Foul Ball, location: 2F 0-2: Ball 1-2: Foul Ball, location: 2F 1-2: Ball 2-2: Strikes out swinging
|
| Bottom of the 4th over - 0 runs, 1 hit, 0 errors, 2 left on base; Colorado Springs 3 - New Orleans 0 |
| TOP OF THE 5TH |
|
Colorado Springs Sky Sox batting - Pitching for New Orleans Zephyrs : RHP Jorge Lopez
|
|
Batting: SHB Chris Besselman
|
0-0: Ball 1-0: Foul Ball, location: 2F 1-1: Foul Ball, location: 2F 1-2: Foul Ball, location: 2F 1-2: Foul Ball, location: 2F 1-2: Ground out 6-3 (Groundball, 6, EV 83.8 MPH)
|
|
Batting: RHB Matviy Oliynyk
|
0-0: Ball 1-0: Called Strike 1-1: Ball 2-1: Called Strike 2-2: Ground out 5-3 (Groundball, 56, EV 96.9 MPH)
|
|
Batting: LHB Steve Gilliam
|
0-0: Called Strike 0-1: Swinging Strike 0-2: Ball 1-2: Strikes out swinging
|
| Top of the 5th over - 0 runs, 0 hits, 0 errors, 0 left on base; Colorado Springs 3 - New Orleans 0 |
| BOTTOM OF THE 5TH |
|
New Orleans Zephyrs batting - Pitching for Colorado Springs Sky Sox : LHP Steve Ransom
|
|
Batting: RHB Boof Howell
|
0-0: Called Strike 0-1: Foul Ball, location: 2F 0-2: Ball 1-2: Foul Ball, location: 2F 1-2: Strikes out swinging
|
|
Batting: RHB Harrie de Kam
|
0-0: Foul Ball, location: 2F 0-1: Ball 1-1: Swinging Strike 1-2: Foul Ball, location: 2F 1-2: Ball 2-2: Ground out 6-3 (Groundball, P, EV 83.8 MPH)
|
|
Batting: RHB Manuel Taveras
|
0-0: Ball 1-0: SOLO HOME RUN (Flyball, 7D, EV 105.6 MPH), Distance : 408 ft
|
|
Batting: RHB Rick Fell
|
0-0: Called Strike 0-1: Ball 1-1: Ball 2-1: Foul Ball, location: 2F 2-2: Foul Ball, location: 2F 2-2: Ball 3-2: Ground out U3 (Groundball, 3, EV 105.6 MPH)
|
| Bottom of the 5th over - 1 run, 1 hit, 0 errors, 0 left on base; Colorado Springs 3 - New Orleans 1 |
| TOP OF THE 6TH |
|
Colorado Springs Sky Sox batting - Pitching for New Orleans Zephyrs : RHP Jorge Lopez
|
|
Batting: RHB Juan Figueroa
|
0-0: Called Strike 0-1: Ground out 4-3 (Groundball, 4M, EV 81.2 MPH)
|
|
Batting: LHB Kyle Schaible
|
0-0: Ball 1-0: Ball 2-0: Ball 3-0: Called Strike 3-1: Base on Balls
|
|
Batting: LHB Michael Krott
|
0-0: Swinging Strike 0-1: Ball 1-1: Fly out, F8 (Line Drive, 8LD, EV 104.4 MPH)
|
|
Pitching: LHP Hideo Komatsu
|
|
|
Batting: RHB Kevin Tangeman
|
0-0: Swinging Strike 0-1: Fly out, F5 (Popup, 5F, EV 70.0 MPH)
|
| Top of the 6th over - 0 runs, 0 hits, 0 errors, 1 left on base; Colorado Springs 3 - New Orleans 1 |
| BOTTOM OF THE 6TH |
|
New Orleans Zephyrs batting - Pitching for Colorado Springs Sky Sox : LHP Steve Ransom
|
|
Pitching: RHP Vas Karamyshev
|
|
|
Batting: RHB Isaiah Brockman
|
0-0: Ball 1-0: Foul Ball, location: 2F 1-1: Ball 2-1: Foul Ball, location: 2F 2-2: Hit by Pitch
|
|
Batting: RHB Masumitsu Sugiura
|
0-0: Ball 1-0: Called Strike 1-1: Foul Ball, location: 2F 1-2: Foul Ball, location: 2F 1-2: Foul Ball, location: 2F 1-2: Strikes out looking
|
|
Batting: SHB Matt Moore
|
0-0: Called Strike 0-1: Ball 1-1: Called Strike 1-2: Strikes out swinging
|
|
Batting: LHB David Doge
|
0-0: Called Strike Isaiah Brockman steals 2nd base 0-1: Ball 1-1: Ball 2-1: Swinging Strike 2-2: Foul Ball, location: 2F 2-2: Ball 3-2: Foul Ball, location: 2F 3-2: Foul Ball, location: 2F 3-2: Base on Balls
|
|
Batting: RHB John Jackson
|
0-0: Ball 1-0: Called Strike 1-1: Swinging Strike 1-2: Foul Ball, location: 2F 1-2: Strikes out swinging
|
| Bottom of the 6th over - 0 runs, 0 hits, 0 errors, 2 left on base; Colorado Springs 3 - New Orleans 1 |
| TOP OF THE 7TH |
|
Colorado Springs Sky Sox batting - Pitching for New Orleans Zephyrs : LHP Hideo Komatsu
|
|
Pitching: RHP Chris Forster
|
|
|
Batting: LHB Iehohs Inatho
|
0-0: Foul Ball, location: 2F 0-1: Ball 1-1: Ground out 3-1 (Groundball, 34, EV 89.4 MPH)
|
|
Batting: RHB Ryan Rinaldi
|
0-0: Ball 1-0: Ball 2-0: Ground out 5-3 (Groundball, 56, EV 88.8 MPH)
|
|
Batting: SHB Chris Besselman
|
0-0: Called Strike 0-1: Ball 1-1: Ball 2-1: Ground out 4-3 (Groundball, 4, EV 85.6 MPH)
|
| Top of the 7th over - 0 runs, 0 hits, 0 errors, 0 left on base; Colorado Springs 3 - New Orleans 1 |
| BOTTOM OF THE 7TH |
|
New Orleans Zephyrs batting - Pitching for Colorado Springs Sky Sox : RHP Vas Karamyshev
|
|
Pitching: RHP Davon Ware
|
|
|
Batting: RHB Boof Howell
|
0-0: Foul Ball, location: 2F 0-1: Ball 1-1: Swinging Strike 1-2: SINGLE (Line Drive, 6MD, EV 96.2 MPH)
|
|
Batting: RHB Harrie de Kam
|
0-0: Called Strike Boof Howell steals 2nd base 0-1: Ball 1-1: Fly out, F8 (Flyball, 8RM, EV 88.8 MPH)
|
|
Batting: RHB Manuel Taveras
|
0-0: SINGLE (Groundball, 56D, EV 103.1 MPH) Boof Howell to third Runner from 3rd tries for Home, SAFE, throw by LF to home
|
|
Batting: RHB Rick Fell
|
0-0: Foul Ball, location: 2F 0-1: Ball 1-1: Ball 2-1: SINGLE (Line Drive, 7LS, EV 110.0 MPH) Manuel Taveras to second
|
|
Batting: RHB Isaiah Brockman
|
0-0: Foul Ball, location: 2F 0-1: Fly out, F7 (Flyball, 7D, EV 98.8 MPH)
|
|
Pinch Hitting: SHB Ramon Martinez
|
0-0: Ball 1-0: Ball 2-0: Ground out 4-3 (Groundball, 4, EV 85.0 MPH)
|
| Bottom of the 7th over - 1 run, 3 hits, 0 errors, 2 left on base; Colorado Springs 3 - New Orleans 2 |
| TOP OF THE 8TH |
|
Colorado Springs Sky Sox batting - Pitching for New Orleans Zephyrs : RHP Chris Forster
|
|
Pitching: RHP Adam Durant
|
|
|
Now at 3B: Boof Howell
|
|
|
Now at SS: Ramon Martinez
|
|
|
Batting: RHB Matviy Oliynyk
|
0-0: Called Strike 0-1: Swinging Strike 0-2: Foul Ball, location: 2F 0-2: Foul Ball, location: 2F 0-2: Strikes out looking
|
|
Batting: LHB Steve Gilliam
|
0-0: Ball 1-0: Ball 2-0: Foul Ball, location: 2F 2-1: Called Strike 2-2: Ball 3-2: DOUBLE (Flyball, 8RXD, EV 109.4 MPH)
|
|
Batting: RHB Juan Figueroa
|
0-0: Ball 1-0: Fly out, F4 (Popup, 34S, EV 82.5 MPH)
|
|
Batting: LHB Kyle Schaible
|
0-0: Ball 1-0: Called Strike 1-1: Foul Ball, location: 2F 1-2: Ground out 4-3 (Groundball, 4, EV 85.6 MPH)
|
| Top of the 8th over - 0 runs, 1 hit, 0 errors, 1 left on base; Colorado Springs 3 - New Orleans 2 |
| BOTTOM OF THE 8TH |
|
New Orleans Zephyrs batting - Pitching for Colorado Springs Sky Sox : RHP Davon Ware
|
|
Pitching: RHP Jim Micaletti
|
|
|
Batting: SHB Matt Moore
|
0-0: Fly out, F8 (Flyball, 8LM, EV 87.5 MPH)
|
|
Batting: LHB David Doge
|
0-0: Called Strike 0-1: Ball 1-1: Foul Ball, location: 2F 1-2: Ball 2-2: Foul Ball, location: 2F 2-2: Ground out 6-3 (Groundball, 56, EV 81.9 MPH)
|
|
Batting: RHB John Jackson
|
0-0: Ball 1-0: Swinging Strike 1-1: Called Strike 1-2: Foul Ball, location: 2F 1-2: Strikes out looking
|
| Bottom of the 8th over - 0 runs, 0 hits, 0 errors, 0 left on base; Colorado Springs 3 - New Orleans 2 |
| TOP OF THE 9TH |
|
Colorado Springs Sky Sox batting - Pitching for New Orleans Zephyrs : RHP Adam Durant
|
|
Batting: LHB Michael Krott
|
0-0: Called Strike 0-1: Called Strike 0-2: Fly out, F8 (Flyball, 8LS, EV 94.4 MPH)
|
|
Batting: RHB Kevin Tangeman
|
0-0: Ball 1-0: Ball 2-0: Called Strike 2-1: Foul Ball, location: 2F 2-2: Ball 3-2: Foul Ball, location: 2F 3-2: Foul Ball, location: 2F 3-2: Fly out, F8 (Flyball, 8LXD, EV 90.6 MPH)
|
|
Batting: LHB Iehohs Inatho
|
0-0: Called Strike 0-1: Swinging Strike 0-2: Foul Ball, location: 2F 0-2: Strikes out swinging
|
| Top of the 9th over - 0 runs, 0 hits, 0 errors, 0 left on base; Colorado Springs 3 - New Orleans 2 |
| BOTTOM OF THE 9TH |
|
New Orleans Zephyrs batting - Pitching for Colorado Springs Sky Sox : RHP Jim Micaletti
|
|
Pitching: LHP Armando Florez
|
|
|
Batting: RHB Boof Howell
|
0-0: Swinging Strike 0-1: Foul Ball, location: 2F 0-2: Ball 1-2: Ball 2-2: Ball 3-2: Strikes out swinging
|
|
Batting: RHB Harrie de Kam
|
0-0: Swinging Strike 0-1: Foul Ball, location: 2F 0-2: Foul Ball, location: 2F 0-2: Strikes out looking
|
|
Batting: RHB Manuel Taveras
|
0-0: Called Strike 0-1: Foul Ball, location: 2F 0-2: Ball 1-2: SINGLE (Line Drive, 6D, EV 99.4 MPH)
|
|
Batting: RHB Rick Fell
|
0-0: Called Strike 0-1: Ball 1-1: Ball 2-1: Ball 3-1: Called Strike 3-2: SINGLE (Line Drive, 89D, EV 101.2 MPH) Manuel Taveras to second Manuel Taveras to third
|
|
Batting: RHB Isaiah Brockman
|
0-0: Ball 1-0: Ball 2-0: Called Strike 2-1: Ball 3-1: Swinging Strike 3-2: Strikes out looking
|
| Bottom of the 9th over - 0 runs, 2 hits, 0 errors, 2 left on base; Colorado Springs 3 - New Orleans 2 |
|